 Dungeon Crawl Stone Soup version 0.26-a0-52-gd53d4cd058 (webtiles) character file.

Game seed: 16329734170038357761

43498 MordorOrchid the Fighter (level 14, -23/111 HPs)
             Began as a Gnoll Wanderer on June 5, 2020.
             Was the Champion of Cheibriados.
             Annihilated by a tyrant leech (25 damage)
             ... on level 1 of the Swamp.
             The game lasted 01:41:35 (11215 turns).

MordorOrchid the Fighter (Gnoll Wanderer)          Turns: 11215, Time: 01:41:35

Health: -23/111    AC: 17    Str: 36    XL:     14   Next: 24%
Magic:  6/36       EV: 22    Int: 33    God:    Cheibriados [******]
Gold:   1774       SH:  8    Dex: 28    Spells: 8/31 levels left

rFire    + . .     SeeInvis +   a - +10 morningstar "Hiwatimobu" {flame, rF+ rC++}
rCold    + + .     Gourm    .   q - +0 buckler
rNeg     . . .     Faith    .   X - +5 steam dragon scales
rPois    +         Spirit   .   b - +2 hat {SInv}
rElec    .         Reflect  .   E - +0 cloak
rCorr    .         Harm     .   s - +1 pair of gloves {Str+3}
MR       +....                  (no boots)
Stlth    +++.......             K - amulet of magic regeneration
HPRegen  0.28/turn              D - ring of magical power
MPRegen  0.50/turn              v - ring of poison resistance

@: marked, very slow
A: distributed training, fangs 1, strong nose
a: Bend Time, Temporal Distortion, Slouch, Step From Time, Renounce Religion


You were on level 1 of the Swamp.
You worshipped Cheibriados.
Cheibriados was exalted by your worship.
You were not hungry.

You visited 4 branches of the dungeon, and saw 17 of its levels.

You collected 1774 gold pieces.

Inventory:

Hand Weapons
 a - the +10 morningstar "Hiwatimobu" (weapon) {flame, rF+ rC++}
   (You found it on level 6 of the Dungeon)

   It has been specially enchanted to burn those struck by it, causing extra
   injury to most foes and up to half again as much damage against particularly
   susceptible opponents.
   It protects you from fire.
   It greatly protects you from cold.
 j - a +1 hunting sling of flaming
 y - the +9 rapier "Gnoll's Bane" {freeze, +Fly MR+ Stlth-}
   (You found it on level 6 of the Lair of Beasts)

   It has been specially enchanted to freeze those struck by it, causing extra
   injury to most foes and up to half again as much damage against particularly
   susceptible opponents.
   It can also slow down cold-blooded creatures.
   It affects your resistance to hostile enchantments.
   It lets you fly.
   It makes you less stealthy.
 T - a +7 falchion of holy wrath
Missiles
 e - 154 sling bullets
 k - 10 boomerangs (quivered)
 U - 4 javelins
Armour
 b - a +2 hat of see invisible (worn)
 q - a +0 buckler (worn)
 s - a +1 pair of gloves of strength (worn)
 A - +0 fire dragon scales
 E - a +0 cloak (worn)
 R - the +3 ring mail "Xosiot" {rElec Str+2 Dex+2 Slay-5}
   (You found it on level 1 of the Lair of Beasts)

   It affects your strength (+2).
   It affects your dexterity (+2).
   It affects your accuracy and damage with ranged weapons and melee attacks
   (-5).
   It insulates you from electricity.
 S - a +2 leather armour of poison resistance
 W - a +0 ring mail of cold resistance
 X - +5 steam dragon scales (worn)
Magical Staves
 O - an uncursed staff of earth
Jewellery
 u - a +4 ring of protection
 v - a ring of poison resistance (right hand)
 D - a ring of magical power (left hand)
 I - an uncursed ring of wizardry
 K - an amulet of magic regeneration (around neck)
 Z - an uncursed ring of positive energy
Wands
 n - a wand of paralysis (7)
 t - a wand of enslavement (7)
 z - a wand of acid (12)
 C - a wand of polymorph (13)
 Q - a wand of flame (27)
Scrolls
 f - a scroll of fog {unknown}
 h - a scroll of torment
 i - 5 scrolls of teleportation
 o - 5 scrolls of remove curse
 p - 5 scrolls of fear
 r - a scroll of magic mapping
 w - 2 scrolls of immolation
 Y - a scroll of blinking
Potions
 g - a potion of ambrosia
 l - 4 potions of curing
 m - a potion of cancellation {unknown}
 x - a potion of lignification
 F - a potion of berserk rage {unknown}
 G - 4 potions of might
 H - a potion of magic
 J - a potion of heal wounds
 L - 2 potions of flight
 N - 3 potions of stabbing
Miscellaneous
 c - a phial of floods
Comestibles
 d - 30 rations
 B - a chunk of flesh


   Skills:
 + Level 10.9 Fighting
 + Level 8.9 Short Blades
 + Level 8.9 Long Blades
 + Level 8.9 Axes
 + Level 8.9 Maces & Flails
 + Level 8.9 Polearms
 + Level 8.9 Staves
 + Level 8.9 Slings
 + Level 8.9 Bows
 + Level 8.9 Crossbows
 + Level 9.3 Throwing
 + Level 8.9 Armour
 + Level 8.9 Dodging
 + Level 9.2 Stealth
 + Level 8.9 Shields
 + Level 8.9 Unarmed Combat
 + Level 9.3 Spellcasting
 + Level 9.3 Conjurations
 + Level 7.4 Hexes
 + Level 7.8 Charms
 + Level 7.4 Summonings
 + Level 7.4 Necromancy
 + Level 7.4 Translocations
 + Level 7.4 Transmutations
 + Level 7.4 Fire Magic
 + Level 7.4 Ice Magic
 + Level 7.4 Air Magic
 + Level 7.4 Earth Magic
 + Level 7.4 Poison Magic
 + Level 9.7 Invocations
 + Level 8.9 Evocations


You had 8 spell levels left.
You knew the following spells:

 Your Spells              Type           Power        Failure   Level  Hunger
a - Magic Dart            Conj           ####         1%          1    None
b - Searing Ray           Conj           ######       1%          2    None
e - Dazzling Flash        Conj/Hex       ######       1%          3    None
f - Iskenderun's Mystic   Conj/Tloc      ######..     1%          4    None
h - Bolt of Magma         Conj/Fire/Erth ######....   3%          5    ###....
u - Animate Skeleton      Necr           N/A          1%          1    None
x - Blink                 Tloc           N/A          1%          2    None
z - Apportation           Tloc           ######       1%          1    None
J - Fulminant Prism       Conj/Hex       ######....   1%          4    None

Your spell library contained the following spells:

 Spells                   Type           Power        Failure   Level  Hunger
 Corona                   Hex            ######.      1%          1    None
 Summon Small Mammal      Summ           ####         1%          1    None
 Shroud of Golubria       Chrm/Tloc      ######       1%          2    None
 Gell's Gravitas          Tloc           ######....   1%          3    None
 Lesser Beckoning         Tloc           ######....   1%          3    None
 Teleport Other           Tloc           ######..     1%          3    None
 Passage of Golubria      Tloc           N/A          1%          4    None
 Iskenderun's Battlesphe  Conj/Chrm      ######..     2%          5    ###....
 Iron Shot                Conj/Erth      ######....   16%         6    #####..
 Orb of Destruction       Conj           ######....   50%         7    ######.
 Spellforged Servitor     Conj/Summ      ######....   63%         7    ######.


Dungeon Overview and Level Annotations

Branches:
Dungeon (9/15)             Temple (1/1) D:4            Lair (6/6) D:9
  Swamp (1/4) Lair:2        Snake (0/4) Lair:4        Slime (0/5) Lair:6
    Orc: D:9-12

Altars:
Cheibriados
Hepliaklqana
Nemelex Xobeh
Qazlal
Ru
Sif Muna
Trog
Vehumet
Wu Jian
Xom
Yredelemnul


Innate Abilities, Weirdness & Mutations

Your experience applies equally to all skills.
You have very sharp teeth.
Your uncanny sense of smell can sniff out nearby items.


Message History

The slime creature is engulfed in blazing flames.
The slime creature barely misses you.
Unknown command.
You pound the slime creature like an anvil!!!
You burn the slime creature!
You kill the slime creature!
Cheibriados appreciates the change of pace.
The swamp worm fires a harpoon shot at you.
The harpoon shot hits you!
* * * LOW HITPOINT WARNING * * *
You are yanked forward by the harpoon shot.
Splash!
You fall into the shallow water.
Moving in this stuff is going to be slow.
The swamp dragon is engulfed in blazing flames.
The swamp dragon bites you!
* * * LOW HITPOINT WARNING * * *
The swamp dragon barely misses you. The swamp dragon closely misses you.
The tyrant leech bites you!!
You die...

.≈§≈≈..♣ ....
.>..≈...♣.. ♣...≈
≈♣♣..≈.♣.♣♣♣♣♣.♣.≈.
≈≈....≈...♣.♣...≈.§
....≈..≈...≈...≈...
.≈≈≈≈≈..≈w≈.≈≈≈...
.≈.≈≈≈.≈♣♣♣.≈≈.♣
.≈..≈≈≈..§♣.≈†♣D♣♣♣♣
......≈.%....wFw@..♣♣♣
≈≈≈...≈≈...ywytw♣.[..♣
≈≈≈≈≈..♣≈...w♣♣♣♣♣♣..♣
≈≈≈≈≈≈...≈≈≈.≈♣♣.≈...♣
≈≈≈≈≈≈≈.≈≈≈≈.♣♣...>≈≈♣
_≈≈≈≈≈≈.≈≈≈≈≈≈≈..≈...♣
≈≈≈≈≈≈≈.≈≈≈≈≈≈≈.....≈♣
≈≈≈≈≈..≈≈≈≈≈§≈≈≈≈<♣♣♣
≈≈...§wD....≈≈≈.♣♣


You could see an alligator, a swamp dragon, 2 tyrant leeches, a spiny frog, 3
swamp worms and 2 vampire mosquitoes.

Vanquished Creatures
  Gastronok (Lair:2)
  A fire dragon (Lair:6)
  7 hydras
  2 alligators (Swamp:1)
  A death yak (D:8)
  A lindwurm (Lair:6)
  A wolf spider (Lair:6)
  6 elephants
  Joseph (D:7)
  2 rust devils (D:7)
  A guardian serpent (Lair:6)
  7 black mambas
  5 torpor snails (Lair:6)
  19 spiny frogs
  Maggie (D:6)
  A rime drake (Lair:4)
  A komodo dragon (Lair:5)
  A polar bear (Lair:4)
  A bog body (Swamp:1)
  13 hornets
  12 blink frogs
  2 slime creatures (Swamp:1)
  3 tyrant leeches (Lair:6)
  A dream sheep (Lair:5)
  3 hippogriffs
  4 orc warriors
  A redback (Lair:6)
  10 spriggans (Lair:5)
  Sigmund (D:2)
  6 wyverns (Lair:6)
  4 yaks (Lair:4)
  3 basilisks
  A hungry ghost (D:8)
  A vampire mosquito (Swamp:1)
  Menkaure (D:7)
  2 swamp worms (Swamp:1)
  A warg (D:6)
  14 water moccasins
  4 nagas (Lair:4)
  Duvessa (D:6)
  3 porcupines
  2 swamp drakes (Swamp:1)
  A sky beast (D:7)
  4 slaves (D:6)
  A black bear (D:9)
  2 ogres
  An eye of draining (D:3)
  A necrophage (D:7)
  18 wolves
  3 boggarts (Lair:5)
  4 centaurs
  4 crocodiles
  A big kobold (D:8)
  10 bullfrogs
  A wyvern zombie (D:9)
  Dowan (D:6)
  2 scorpions
  4 killer bees (D:9)
  3 howler monkeys
  2 electric eels (Lair:3)
  3 jellies
  5 crimson imps
  3 bullfrog zombies
  3 hounds
  9 orc wizards
  Crazy Yiuf (D:3)
  A bullfrog skeleton (D:9)
  2 centaur skeletons
  5 orc priests
  2 iguanas
  6 worker ants
  A hound zombie (D:4)
  2 hound skeletons
  A worker ant zombie (D:4)
  A gnoll (D:1)
  10 adders
  A shadow imp (D:6)
  An ooze (D:3)
  An adder zombie (D:4)
  An adder skeleton (D:8)
  3 worms
  2 dart slugs (D:1)
  6 leopard geckos
  24 orcs
  8 giant cockroaches
  2 gnoll zombies (D:5)
  6 goblins (D:1)
  5 hobgoblins
  6 jackals (D:2)
  2 quokkas
  A ball python zombie (D:4)
  7 bats
  7 frilled lizards
  2 giant cockroach zombies
  A jackal skeleton (D:4)
  13 kobolds
  A leopard gecko zombie (D:5)
  A quokka skeleton (D:4)
  A quokka zombie (D:4)
  5 rats
  A plant (Lair:6)
379 creatures vanquished.

Vanquished Creatures (collateral kills)
  3 elephants
  2 black mambas (Lair:6)
  A komodo dragon (Lair:4)
  4 blink frogs
  A bog body (Lair:2)
  A spriggan (Lair:5)
  3 wyverns (Lair:6)
  2 yaks (Lair:4)
  5 water moccasins (Lair:6)
  A porcupine (Lair:3)
  A bullfrog (Lair:4)
  An electric eel (Lair:2)
  A jelly (Lair:6)
  7 fungi
  2 plants (Lair:6)
35 creatures vanquished.

Vanquished Creatures (others)
  An orc warrior (D:6)
  A bullfrog (D:3)
  2 kobolds (D:8)
  28 fulminant prisms
  11 fungi
  15 plants
58 creatures vanquished.

Grand Total: 472 creatures vanquished

Notes
Turn   | Place    | Note
-------+----------+-------------------------------------------
     0 | D:1      | MordorOrchid the Gnoll Wanderer began the quest for the
                  | Orb.
     0 | D:1      | MordorOrchid set off with the following items: a +0 spear,
                  | a +0 robe, a ration; and the following spell memorised:
                  | Magic Dart; and the following spells available to memorise:
                  | Searing Ray, Dazzling Flash, Fulminant Prism, Iskenderun's
                  | Mystic Blast
     0 | D:1      | Reached XP level 1. HP: 23/23 MP: 4/4
   127 | D:1      | Reached XP level 2. HP: 29/29 MP: 2/5
   131 | D:1      | Learned a level 2 spell: Searing Ray
   201 | D:1      | HP: 1/29 [gnoll/+0 spear (2)]
   615 | D:1      | Reached XP level 3. HP: 35/35 MP: 4/7
   756 | D:1      | Reached skill level 1 in Invocations
   882 | D:1      | Learned a level 3 spell: Dazzling Flash
   987 | D:2      | Found a faded altar of an unknown god.
  1110 | D:2      | Noticed Sigmund
  1231 | D:2      | Reached skill level 1 in Short Blades
  1231 | D:2      | Reached skill level 1 in Long Blades
  1231 | D:2      | Reached skill level 1 in Axes
  1231 | D:2      | Reached skill level 1 in Maces & Flails
  1231 | D:2      | Reached skill level 1 in Polearms
  1231 | D:2      | Reached skill level 1 in Staves
  1231 | D:2      | Reached skill level 1 in Slings
  1231 | D:2      | Reached skill level 1 in Bows
  1231 | D:2      | Reached skill level 1 in Crossbows
  1231 | D:2      | Reached skill level 1 in Armour
  1231 | D:2      | Reached skill level 1 in Dodging
  1231 | D:2      | Reached skill level 1 in Shields
  1231 | D:2      | Reached skill level 1 in Unarmed Combat
  1231 | D:2      | Reached skill level 1 in Evocations
  1231 | D:2      | Reached XP level 4. HP: 37/41 MP: 3/8
  1282 | D:2      | Killed Sigmund
  1282 | D:2      | Reached skill level 1 in Hexes
  1282 | D:2      | Reached skill level 1 in Summonings
  1282 | D:2      | Reached skill level 1 in Necromancy
  1282 | D:2      | Reached skill level 1 in Translocations
  1282 | D:2      | Reached skill level 1 in Transmutations
  1282 | D:2      | Reached skill level 1 in Fire Magic
  1282 | D:2      | Reached skill level 1 in Ice Magic
  1282 | D:2      | Reached skill level 1 in Air Magic
  1282 | D:2      | Reached skill level 1 in Earth Magic
  1282 | D:2      | Reached skill level 1 in Poison Magic
  1282 | D:2      | Reached XP level 5. HP: 34/47 MP: 5/9
  1393 | D:2      | Reached XP level 6. HP: 53/53 MP: 6/10
  1399 | D:2      | Learned a level 4 spell: Fulminant Prism
  2143 | D:3      | Found a runed translucent door.
  2144 | D:3      | Noticed Crazy Yiuf
  2151 | D:3      | Killed Crazy Yiuf
  2203 | D:3      | Found a stormy altar of Qazlal.
  2203 | D:3      | Found a sparkling altar of Nemelex Xobeh.
  2203 | D:3      | Found a radiant altar of Vehumet.
  2203 | D:3      | Noticed an eye of draining
  2207 | D:3      | Found a transporter.
  2222 | D:3      | Found a transporter.
  2413 | D:3      | Reached XP level 7. HP: 59/59 MP: 0/12
  2423 | D:3      | Reached skill level 7 in Fighting
  3277 | D:4      | Found a staircase to the Ecumenical Temple.
  3284 | Temple   | Entered the Ecumenical Temple
  3326 | Temple   | Became a worshipper of Cheibriados the Contemplative
  3451 | D:5      | Entered Level 5 of the Dungeon
  3472 | D:5      | Learned a level 1 spell: Animate Skeleton
  3508 | D:5      | Reached XP level 8. HP: 67/67 MP: 10/14
  3677 | D:5      | Found a basalt altar of Yredelemnul.
  3927 | D:6      | Noticed Pikel
  3935 | D:6      | Noticed Pikel
  3935 | D:6      | Pikel changed into Pikel the golden eye
  3936 | D:6      | Noticed Pikel
  3936 | D:6      | Pikel the golden eye changed into Pikel the warg
  3942 | D:6      | Killed Pikel the warg
  4119 | D:6      | Noticed Maggie
  4125 | D:6      | Killed Maggie
  4125 | D:6      | Reached * piety under Cheibriados
  4345 | D:6      | Noticed Duvessa
  4345 | D:6      | Noticed Dowan
  4358 | D:6      | Killed Dowan
  4358 | D:6      | Reached XP level 9. HP: 68/72 MP: 16/16
  4368 | D:6      | Killed Duvessa
  4519 | D:6      | Found a bloodstained altar of Trog.
  4576 | D:7      | Noticed Menkaure
  4641 | D:7      | Learned a level 1 spell: Apportation
  4760 | D:7      | Killed Menkaure
  4760 | D:7      | Reached skill level 5 in Spellcasting
  4863 | D:7      | Noticed Joseph
  4872 | D:7      | Killed Joseph
  4872 | D:7      | Reached skill level 5 in Throwing
  4872 | D:7      | Reached skill level 5 in Stealth
  5029 | D:6      | Noticed a rust devil
  5029 | D:6      | Noticed a rust devil
  5360 | D:7      | Killed a rust devil
  5360 | D:7      | Reached skill level 8 in Fighting
  5371 | D:7      | Reached skill level 5 in Invocations
  5378 | D:7      | Killed a rust devil
  5378 | D:7      | Reached XP level 10. HP: 66/80 MP: 13/18
  5423 | D:6      | Got a shimmering morningstar
  5437 | D:6      | Got a blackened plate armour
  5451 | D:7      | Identified the +10 morningstar "Hiwatimobu" {flame, rF+
                  | rC++} (You found it on level 6 of the Dungeon)
  5468 | D:7      | Identified the cursed +0 plate armour of Beauty {rCorr
                  | Stlth+} (You found it on level 6 of the Dungeon)
  5921 | D:8      | Reached skill level 5 in Short Blades
  5921 | D:8      | Reached skill level 5 in Long Blades
  5921 | D:8      | Reached skill level 5 in Axes
  5921 | D:8      | Reached skill level 5 in Maces & Flails
  5921 | D:8      | Reached skill level 5 in Polearms
  5921 | D:8      | Reached skill level 5 in Staves
  5921 | D:8      | Reached skill level 5 in Slings
  5921 | D:8      | Reached skill level 5 in Bows
  5921 | D:8      | Reached skill level 5 in Crossbows
  5921 | D:8      | Reached skill level 5 in Armour
  5921 | D:8      | Reached skill level 5 in Dodging
  5921 | D:8      | Reached skill level 5 in Shields
  5921 | D:8      | Reached skill level 5 in Unarmed Combat
  5921 | D:8      | Reached skill level 5 in Evocations
  5957 | D:8      | Found a shimmering altar of Xom.
  6112 | D:9      | Found a shimmering blue altar of Sif Muna.
  6207 | D:9      | Reached ** piety under Cheibriados
  6249 | D:9      | Noticed a death yak
  6250 | D:9      | Noticed a death yak
  6251 | D:9      | Noticed a death yak
  6610 | D:9      | Found an ornate altar of the Wu Jian Council.
  6634 | D:9      | Reached skill level 5 in Charms
  6711 | D:9      | Learned a level 4 spell: Iskenderun's Mystic Blast
  6753 | D:9      | Found a staircase to the Lair.
  6849 | D:8      | Killed a death yak
  6892 | Lair:1   | Entered Level 1 of the Lair of Beasts
  6895 | Lair:1   | Noticed a spiny frog
  6899 | Lair:1   | Killed a spiny frog
  6923 | Lair:1   | Reached XP level 11. HP: 59/87 MP: 20/20
  6990 | Lair:1   | Reached *** piety under Cheibriados
  7120 | Lair:1   | Got a polished ring mail
  7359 | Lair:1   | Identified the +3 ring mail "Xosiot" {rElec Str+2 Dex+2
                  | Slay-5} (You found it on level 1 of the Lair of Beasts)
  7364 | Lair:1   | Reached skill level 9 in Fighting
  7506 | Lair:2   | Noticed Gastronok
  7521 | Lair:2   | Killed Gastronok
  7521 | Lair:2   | Reached skill level 5 in Hexes
  7521 | Lair:2   | Reached skill level 5 in Summonings
  7521 | Lair:2   | Reached skill level 5 in Necromancy
  7521 | Lair:2   | Reached skill level 5 in Translocations
  7521 | Lair:2   | Reached skill level 5 in Transmutations
  7521 | Lair:2   | Reached skill level 5 in Fire Magic
  7521 | Lair:2   | Reached skill level 5 in Ice Magic
  7521 | Lair:2   | Reached skill level 5 in Air Magic
  7521 | Lair:2   | Reached skill level 5 in Earth Magic
  7521 | Lair:2   | Reached skill level 5 in Poison Magic
  7851 | Lair:2   | Reached **** piety under Cheibriados
  7926 | Lair:2   | Found a staircase to the Swamp.
  8325 | Lair:3   | Learned a level 5 spell: Bolt of Magma
  8391 | Lair:3   | Reached XP level 12. HP: 89/96 MP: 23/23
  8783 | Lair:4   | Noticed an eight-headed hydra
  8790 | Lair:4   | Killed an eight-headed hydra
  8791 | Lair:4   | Noticed an eight-headed hydra
  8826 | Lair:4   | Found a staircase to the Snake Pit.
  9040 | Lair:4   | Reached ***** piety under Cheibriados
  9064 | Lair:4   | Killed an eight-headed hydra
  9460 | Lair:5   | Noticed a four-headed hydra
  9467 | Lair:5   | Killed a four-headed hydra
  9467 | Lair:5   | Reached skill level 10 in Fighting
  9667 | Lair:5   | Noticed a spriggan rider
  9685 | Lair:5   | Reached XP level 13. HP: 87/103 MP: 25/25
 10070 | Lair:6   | Entered Level 6 of the Lair of Beasts
 10232 | Lair:6   | Reached ****** piety under Cheibriados
 10391 | Lair:6   | Found a runed translucent door.
 10393 | Lair:6   | Noticed a fire dragon
 10592 | Lair:6   | Killed a fire dragon
 10685 | Lair:6   | Found a staircase to the Slime Pits.
 10862 | Lair:6   | Reached XP level 14. HP: 98/111 MP: 27/27
 10929 | Lair:6   | Got a slimy rapier
 11120 | Lair:2   | Identified the +9 rapier "Gnoll's Bane" {freeze, +Fly MR+
                  | Stlth-} (You found it on level 6 of the Lair of Beasts)
 11128 | Swamp:1  | Entered Level 1 of the Swamp
 11163 | Swamp:1  | Found a bloodstained altar of Trog.
 11179 | Swamp:1  | Learned a level 2 spell: Blink
 11215 | Swamp:1  | HP: 2/111 [swamp dragon (11)]
 11215 | Swamp:1  | Annihilated by a tyrant leech

Illustrated notes

Levels and vault maps discovered:
D:1:      heliophobic_arrival_dark_side_of_the_moon, layout_loops_ring,
          st_stairs_9, minmay_splitting_lines, minmay_misc_feat_more_columns
D:2:      layout_basic, first_ration, chequers_ecumenical_altar_simple_redux,
          uniq_sigmund
D:3:      layout_rooms, gammafunk_temple_overflow_arena, st_stairs_7,
          uniq_crazy_yiuf_cottage
D:4:      layout_loops_corners, temple_statues, serial_undead, serial_undead_b,
          serial_undead_f, serial_undead_a, serial_undead_d
D:5:      layout_rooms, lemuel_zombie_altar_yredelemnul
D:6:      cheibrodos_iron_armory, layout_loops_corners, basic_altar,
          uniq_duvessa, uniq_pikel, uniq_grinder, uniq_maggie
D:7:      layout_cave_pods, skrybe_limestone_x, uniq_joseph, uniq_menkaure
D:8:      layout_loops_ring, lemuel_round_altar
D:9:      layout_loops_cross, lemuel_crystal_altar, overflow_temple_1_default,
          dpeg_lair_monsters
Temple:   regret_index_temple_generic_petals
Lair:1:   layout_regular_city, st_stairs_8
Lair:2:   layout_layer_cave, skrybe_swamp_entry_bodies,
          nicolae_quartered_pool_super, beast_lair_carwin_8, uniq_gastronok
Lair:3:   layout_long_grid, serial_bayou_shore_a, grunt_megastairs_3
Lair:4:   layout_loops_ring, minmay_snake_entry_guardpost_small,
          infiniplex_staircase_pool_2
Lair:5:   kb_forest_paths, layout_long_grid
Lair:6:   hangedman_lair_tendril_chambers, layout_small_grid, wormcave,
          minmay_slime_entry_pillars, chequers_serial_rivers_small_3
Swamp:1:  layout_basic_swamp, hangedman_swamp_pad, swamp_pool4,
          lemuel_altar_in_water

Skill      XL: |  1  2  3  4  5  6  7  8  9 10 11 12 13 |
---------------+----------------------------------------+-----
Charms         | 2 3 4 5 6 7 |  7.8
Invocations    | 1 2 3 4 5 6 7 8 9 |  9.7
Short Blades   | 1 2 3 4 5 6 7 8 |  8.9
Long Blades    | 1 2 3 4 5 6 7 8 |  8.9
Axes           | 1 2 3 4 5 6 7 8 |  8.9
Maces & Flails | 1 2 3 4 5 6 7 8 |  8.9
Polearms       | 1 2 3 4 5 6 7 8 |  8.9
Staves         | 1 2 3 4 5 6 7 8 |  8.9
Slings         | 1 2 3 4 5 6 7 8 |  8.9
Bows           | 1 2 3 4 5 6 7 8 |  8.9
Crossbows      | 1 2 3 4 5 6 7 8 |  8.9
Armour         | 1 2 3 4 5 6 7 8 |  8.9
Dodging        | 1 2 3 4 5 6 7 8 |  8.9
Shields        | 1 2 3 4 5 6 7 8 |  8.9
Unarmed Combat | 1 2 3 4 5 6 7 8 |  8.9
Evocations     | 1 2 3 4 5 6 7 8 |  8.9
Throwing       | 3 4 5 6 7 8 9 |  9.3
Spellcasting   | 3 4 5 6 7 8 9 |  9.3
Hexes          | 1 2 3 4 5 6 7 |  7.4
Summonings     | 1 2 3 4 5 6 7 |  7.4
Necromancy     | 1 2 3 4 5 6 7 |  7.4
Translocations | 1 2 3 4 5 6 7 |  7.4
Transmutations | 1 2 3 4 5 6 7 |  7.4
Fire Magic     | 1 2 3 4 5 6 7 |  7.4
Ice Magic      | 1 2 3 4 5 6 7 |  7.4
Air Magic      | 1 2 3 4 5 6 7 |  7.4
Earth Magic    | 1 2 3 4 5 6 7 |  7.4
Poison Magic   | 1 2 3 4 5 6 7 |  7.4
Stealth        | 3 4 5 6 7 8 9 |  9.2
Fighting       | 7 8 9 10 | 10.9
Conjurations   | 6 7 8 9 |  9.3

Action                   |  1- 3 |  4- 6 |  7- 9 | 10-12 | 13-15 || total
-------------------------+-------+-------+-------+-------+-------++-------
Melee: Spear             |    30 |       |       |       |       ||    30
       Bite              |     2 |     4 |    13 |    45 |    30 ||    94
       Hand axe          |       |     6 |       |       |       ||     6
       Falchion          |       |    20 |    69 |     4 |       ||    93
       Dagger            |       |       |     6 |       |       ||     6
       Whip              |       |       |    10 |       |       ||    10
       Morningstar       |       |       |       |   279 |   200 ||   479
       Staff             |       |       |       |       |     3 ||     3
 Fire: Hunting sling     |    10 |    46 |    58 |       |     5 ||   119
Throw: Boomerang         |       |       |     2 |    23 |    19 ||    44
       Javelin           |       |       |       |     1 |     2 ||     3
 Cast: Magic Dart        |    45 |    35 |    13 |     1 |       ||    94
       Searing Ray       |     1 |     7 |    37 |    19 |     1 ||    65
       Dazzling Flash    |       |     2 |     5 |    16 |    20 ||    43
       Apportation       |       |       |     6 |     8 |    51 ||    65
       Fulminant Prism   |       |       |     1 |    18 |     9 ||    28
       Animate Skeleton  |       |       |       |    45 |    30 ||    75
       Bolt of Magma     |       |       |       |       |    11 ||    11
Invok: Bend Time         |       |       |     4 |    12 |     6 ||    22
       Slouch            |       |       |       |       |     3 ||     3
Evoke: Wand              |       |     7 |    17 |    22 |     4 ||    50
  Use: Scroll            |     4 |     3 |    11 |    18 |     5 ||    41
       Potion            |       |     3 |     3 |       |       ||     6
 Stab: Sleeping          |     1 |       |     1 |     8 |     3 ||    13
       Paralysed         |       |     6 |       |       |       ||     6
       Invisible         |       |     1 |     1 |    11 |    14 ||    27
       Distracted        |       |       |       |     1 |     6 ||     7
       Petrified         |       |       |       |     1 |       ||     1
  Eat: Chunk             |     1 |     4 |     8 |     9 |     5 ||    27
       Ration            |       |       |     1 |       |       ||     1
Armor: Robe              |     7 |     3 |       |       |       ||    10
       Ring mail         |       |    12 |    27 |       |       ||    39
       Steam dragon scal |       |       |    14 |   104 |    51 ||   169
Dodge: Dodged            |    22 |    25 |    72 |   250 |   201 ||   570
Block: Buckler           |       |     5 |    27 |   120 |    94 ||   246
       Rpst.: Falchion   |       |     4 |    14 |       |       ||    18

Table legend:
 A = Non-vault XP
 B = Vault XP
 C = Vault XP percentage of total XP
 D = Non-vault monster count
 E = Vault monster count
 F = Vault count percentage of total count
                 A         B        C        D         E       F
            +---------+---------+-------+---------+---------+-------
      Total |   32832 |   29308 |  47.2 |     278 |     123 |  30.7
            +---------+---------+-------+---------+---------+-------
        D:1 |      58 |       2 |   3.3 |      24 |       2 |   7.7
        D:2 |      55 |     220 |  80.0 |      17 |       1 |   5.6
        D:3 |     156 |     287 |  64.8 |      27 |       7 |  20.6
        D:4 |     287 |     110 |  27.7 |      15 |      10 |  40.0
        D:5 |     362 |       4 |   1.1 |      16 |       2 |  11.1
        D:6 |     337 |     761 |  69.3 |      10 |       4 |  28.6
        D:7 |     378 |    1839 |  82.9 |       7 |       5 |  41.7
        D:8 |    1040 |     888 |  46.1 |      18 |       1 |   5.3
        D:9 |    1941 |       0 |   0.0 |      35 |       0 |   0.0
     Lair:1 |    2006 |     411 |  17.0 |      14 |       1 |   6.7
     Lair:2 |    2415 |    4619 |  65.7 |      14 |       9 |  39.1
     Lair:3 |    1446 |     187 |  11.5 |      10 |       1 |   9.1
     Lair:4 |    8068 |     630 |   7.2 |      30 |       4 |  11.8
     Lair:5 |    5489 |    3819 |  41.0 |      18 |      19 |  51.4
     Lair:6 |    2335 |   15531 |  86.9 |       9 |      57 |  86.4
    Swamp:1 |    6459 |       0 |   0.0 |      14 |       0 |   0.0
            +---------+---------+-------+---------+---------+-------
